 Dungeon Crawl Stone Soup version 0.31-a0-819-gf6de2f5ab6 (webtiles) character file.

Game seed: 14230515343024297599

88 dialectric the Sneak (level 4, 0/30 HPs)
             Began as an Octopode Brigand on Sept 24, 2023.
             Slain by a cerulean imp
             ... wielding a +1 spear
             ... summoned by Natasha
              (1 damage)
             ... on level 2 of the Dungeon.
             The game lasted 00:01:40 (1471 turns).

dialectric the Sneak (Octopode Brigand)             Turns: 1471, Time: 00:01:41

Health: 0/30       AC:  1    Str: 10    XL:     4   Next: 53%
Magic:  4/4        EV: 12    Int: 13    God:
Gold:   68         SH:  0    Dex: 15    Spells: 3/3 levels left

rFire   . . .        a - +2 dagger
rCold   . . .        (no shield)
rNeg    . . .        (helmet restricted)
rPois   .            (no amulet)
rElec   .            (no ring)
rCorr   .            (no ring)
SInv    .            (no ring)
Will    .....        (no ring)
Stlth   +++++        (no ring)
HPRegen 0.25/turn    (no ring)
MPRegen 0.09/turn    (no ring)
                     (no ring)

%: no passive effects
@: mighty
A: almost no armour, amphibious, 8 rings, camouflage 1, gelatinous body 1,
(nimble swimmer 1), tentacles
a: no special abilities


You were on level 2 of the Dungeon.
You visited 1 branch of the dungeon, and saw 2 of its levels.

You collected 68 gold pieces.

Inventory:

Hand Weapons
 a - a +2 dagger (weapon)
Missiles
 b - 9 poisoned darts
 c - 3 curare-tipped darts (quivered)
 d - 3 atropa-tipped darts
Scrolls
 e - 3 scrolls of teleportation {unknown}
 i - a scroll of blinking {unknown}
 j - a scroll of identify {unknown}
Potions
 f - a potion of might
 h - a potion of lignification {unknown}


   Skills:
 + Level 2.3 Fighting
 + Level 2.3 Short Blades
 + Level 2.2 Throwing
 + Level 1.0 Dodging
 + Level 7.3 Stealth


You had 3 spell levels left.
You didn't know any spells.
Your spell library contained the following spells:

 Spells                   Type           Power      Damage    Failure   Level
 Cigotuvi's Dreadful Rot  Necr/Pois/Air  0%         N/A       43%         2
 Dispel Undead            Necr           0%         3d6       97%         4
 Death Channel            Necr           0%         N/A       100%        6


Dungeon Overview and Level Annotations

Branches:
Dungeon (2/15)

Altars:
Gozag

Annotations:
D:2 Natasha


Innate Abilities, Weirdness & Mutations

You cannot wear most types of armour.
You are amphibious.
You can wear up to eight rings at the same time.
Your skin changes colour to match your surroundings (Stealth+).
Your rubbery body absorbs attacks. (AC +1, EV +1)
((You are camouflaged when in or above water. (Stealth+)))
You have tentacles for arms and can constrict up to eight enemies at once.


Message History

There is a stone staircase leading down here.
There is an escape hatch in the ceiling here.
Found a runed chain mail.
Key pressed, stopping explore.
No target in view!
Found a rapier.
No target in view!
No target in view!
Natasha, Servant of Life and Death comes into view.
Natasha is nearby!
Natasha is nearby!
Natasha hisses angrily.
Natasha growls.
Natasha mumbles some strange words.
Natasha mumbles some strange words.
Natasha casts a spell.
The cerulean imp hits you but does no damage.
You hit Natasha. You grab Natasha.
Natasha is lightly wounded.
You constrict Natasha.
Natasha stares at you and mumbles some strange words.
The magic dart hits you!
The cerulean imp hits you from afar with a +1 spear.
You hit Natasha but do no damage.
Natasha is lightly wounded.
You constrict Natasha.
The cerulean imp hits you from afar with a +2 spear.
Natasha claws you!
* * * LOW HITPOINT WARNING * * *
The cerulean imp hits you but does no damage.
It was a potion of might.
You feel very mighty all of a sudden.
You constrict Natasha. The cerulean imp barely misses you. Natasha claws you!
* * * LOW HITPOINT WARNING * * *
The cerulean imp barely misses you. The cerulean imp misses you.
It was a potion of magic.
Magic courses through your body.
You constrict Natasha. The cerulean imp barely misses you.
Natasha closely misses you.
The cerulean imp hits you from afar with a +1 spear.
You die...

#.######...................######
#...............####.............
.........####..#####.##....#...##
########## #........##.#......##
.############..########..........
.........<.....####.....#.###.###
..........###.......###.#.###.###
#########.# #.5###...##.#........
# #.# #.5h@..#....#..##.### ##
#.# ##5###...####..##.# .## #.#
#.####...###..##.# ..# #.#
#.............##.# .~# #.#
######.#.####.##.# ~≈# #.#
#........##.### ≈≈#
#.#########.............. ~≈#
#........[#....######.##. ~≈#
#########......# #.#..


You could see Natasha and 3 cerulean imps.

Vanquished Creatures
  Natasha (D:2)
  3 adders (D:2)
  A worm (D:2)
  A dart slug (D:1)
  A bat (D:1)
  2 endoplasms
  3 giant cockroaches
  A goblin (D:2)
  6 hobgoblins
  2 jackals (D:2)
  A quokka (D:1)
  A ball python (D:1)
  2 frilled lizards
  3 kobolds (D:2)
  7 rats
35 creatures vanquished.

Notes
Turn   | Place    | Note
-------+----------+-------------------------------------------
     0 | D:1      | dialectric the Octopode Brigand began the quest for the
                  | Orb.
     0 | D:1      | Reached XP level 1. HP: 14/14 MP: 1/1
   213 | D:1      | Reached XP level 2. HP: 19/19 MP: 2/2
   477 | D:1      | Reached skill level 6 in Stealth
   622 | D:1      | Found an opulent altar of Gozag.
   699 | D:2      | Reached XP level 3. HP: 24/24 MP: 3/3
   991 | D:2      | Reached XP level 4. HP: 19/29 MP: 4/4
  1052 | D:2      | Found a faded altar of an unknown god.
  1158 | D:2      | Noticed Natasha
  1165 | D:2      | Killed Natasha
  1166 | D:2      | Reached skill level 7 in Stealth
  1461 | D:2      | Noticed Natasha
  1470 | D:2      | HP: 1/30 [Natasha (8)]
  1471 | D:2      | Slain by a cerulean imp

Illustrated notes

Levels and vault maps discovered:
D:1:      dpeg_arrival_lava_altar, layout_basic
D:2:      minmay_kobold_bridge, layout_loops_ring, basic_ecumenical_altar,
          uniq_natasha

Skill      XL: |  1  2  3  4 |
---------------+-------------+-----
Stealth        | 6 7 |  7.3
Fighting       | |  2.3
Short Blades   | |  2.3
Throwing       | |  2.2
Dodging        | |  1.0

Action                     |  1- 3 |  4- 6 || total
---------------------------+-------+-------++-------
  Melee: Dagger            |    57 |    16 ||    73
         Constrict         |    13 |     3 ||    16
         Tentacles         |    10 |     3 ||    13
    Use: Potion            |       |     2 ||     2
   Stab: Sleeping          |    10 |       ||    10
 Armour: Skin              |    16 |    13 ||    29
  Dodge: Dodged            |    24 |    10 ||    34

Table legend: (Time is in decaauts)
 A = Elapsed time spent in this place.
 B = Non-inter-level travel time spent in this place.
 C = Inter-level travel time spent in this place.
 D = Time resting spent in this place.
 E = Time spent auto-exploring this place.
 F = Levels seen in this place.
 G = Mean time per level.
                   A        B        C        D        E       F      G
               +--------+--------+--------+--------+--------+-----+--------+
         Total |   1462 |   1452 |     10 |      0 |   1224 |   2 |  731.0 |
       Dungeon |   1462 |   1452 |     10 |      0 |   1224 |   2 |  731.0 |
               +--------+--------+--------+--------+--------+-----+--------+

Top non-repeatable levels by time:
     D:2: 817 daAuts
     D:1: 645 daAuts
